AoeStats
← valodinbooher

Arabia

510012198Analyzed
1v1 RM · 3d ago on Sep 29, 2026· 35m 20s· 2 players
Game mode
Random Map
Map size
Tiny (2 player)
Population
200
Speed
Normal
Resources
Standard
Victory
Conquest
Starting age
Dark Age
Ending age
Imperial Age
RankedLock teamsTeams togetherTeam positionsShared explorationLock speedFull tech treeHidden civsTurbo modeCheats
Victory
Defeat
🇹🇼 Bulgarians · Taiwan
626
+16
🇺🇸 Burgundians · United States
635
-16
蕭邦
12:00 Feudal Age
13:59 Wheelbarrow
13:12 Double-Bit Axe
14:03 Horse Collar
24:16 Scale Mail Armor
24:27 Forging
27:35 Castle Age
27:22 Fletching
28:02 Pikeman
29:49 Hand Cart
29:38 Heavy Plow
29:54 Bow Saw
33:20 Chain Mail Armor
valodinbooher
7:44 Loom
9:08 Double-Bit Axe
13:26 Feudal Age
12:58 Horse Collar
17:06 Castle Age
16:03 Forging
20:00 Iron Casting
20:42 Bow Saw
25:26 Cavalier
26:14 Scale Barding Armor
28:33 Two-Man Saw
27:37 Gold Mining
29:28 Gold Shaft Mining
28:45 Stone Mining
29:17 Heavy Plow
29:04 Crossbowman
31:53 Fletching
34:44 Bodkin Arrow
35:11 Chain Barding Armor
Connection lost

Rejoining the realm…

Still unreachable

The connection could not be restored.

Session expired

The server has moved on; the page needs a fresh start.